 Dungeon Crawl Stone Soup version 0.28.0-47-ge53b351184 (webtiles) character file.

Game seed: 11219670128880770737

36 Zeld the Insei (level 3, 0/23 HPs)
             Began as an Octopode Transmuter on Apr 29, 2022.
             Killed by divine providence
             ... invoked by an orc priest
              (14 damage)
             ... on level 2 of the Dungeon.
             The game lasted 00:01:21 (1922 turns).

Zeld the Insei (Octopode Transmuter)                Turns: 1922, Time: 00:01:22

Health: 0/23       AC:  1    Str: 11    XL:     3   Next: 37%
Magic:  3/6        EV: 13    Int: 15    God:
Gold:   44         SH:  0    Dex: 12    Spells: 0/6 levels left

rFire   . . .      SeeInvis .     - Unarmed
rCold   . . .      Faith    .   (no shield)
rNeg    . . .      Spirit   .   (helmet currently unavailable)
rPois   .          Reflect  .   (no amulet)
rElec   .          Harm     .   (no ring)
rCorr   .          Rampage  .   (no ring)
Will    .....                   (no ring)
Stlth   +++.......              (no ring)
HPRegen 0.07/turn               (no ring)
MPRegen 0.10/turn               (no ring)
                                (no ring)
                                (no ring)

@: appendages (expiring)
A: tentacle spike 3, almost no armour, amphibious, 8 rings, camouflage 1,
gelatinous body 1, (nimble swimmer 1), tentacles
a: End Transformation


You were on level 2 of the Dungeon.
One of your tentacles had grown a beastly spike.
You visited 1 branch of the dungeon, and saw 2 of its levels.

You collected 44 gold pieces.

Inventory:

Scrolls
 a - a scroll of magic mapping {unknown}
 c - a scroll of immolation {unknown}
 d - a scroll of brand weapon {unknown}
Potions
 b - 2 potions of curing {unknown}
 e - a potion of heal wounds {unknown}


   Skills:
 + Level 1.2 Fighting
 + Level 2.2 Dodging
 + Level 1.4 Stealth
 + Level 3.1 Unarmed Combat
 * Level 2.4 Spellcasting
 * Level 2.5 Transmutations
 + Level 0.1 Poison Magic


You couldn't memorise any spells.
You knew the following spells:

 Your Spells              Type           Power      Damage    Failure   Level
a - Beastly Appendage     Tmut           18%        N/A       8%          1
b - Wereblood             Tmut           9%         N/A       11%         2
c - Spider Form           Tmut/Pois      5%         N/A       36%         3

Your spell library contained the following spells:

 Spells                   Type           Power      Damage    Failure   Level
 Ice Form                 Ice/Tmut       5%         N/A       77%         4


Dungeon Overview and Level Annotations

Branches:
Dungeon (2/15)

Altars:


Innate Abilities, Weirdness & Mutations

One of your tentacles has grown a beastly spike.
You cannot wear most types of armour.
You are amphibious.
You can wear up to eight rings at the same time.
Your skin changes colour to match your surroundings (Stealth+).
Your rubbery body absorbs attacks. (AC +1, EV +1)
((You are camouflaged when in or above water. (Stealth+)))
You have tentacles for arms and can constrict up to eight enemies at once.


Message History

An orc priest comes into view. It is wielding a +0 dagger.
An orc priest is nearby!
An orc priest is nearby!
An orc priest is nearby! 3 orcs come into view.
Casting: Beastly Appendage (safe; 8% risk of failure)
Confirm with . or Enter, or press ? or * to list all spells.
The spell is extremely dangerous to miscast (36% risk of failure)!
Continue anyway?
You miscast Spider Form.
You are very lightly contaminated with residual magic.
Nothing appears to happen.
The orc priest shouts!
You hear a shout! x4
There are monsters nearby!
There are monsters nearby!
Casting: Spider Form (extremely dangerous; 36% risk of failure)
Confirm with . or Enter, or press ? or * to list all spells.
One of your tentacles grows a vicious spike.
An orc wizard comes into view. It is wielding a +0 dagger.
The orc wizard moves out of view.
The orc barely misses you. x2
The orc wizard gestures at you while chanting.
You are confused.
You tentacle-slap the orc.
The orc is moderately wounded.
The orc closely misses you.
You bump into the rock wall.
You bump into the rock wall.
Your magical contamination has completely faded away.
You bump into the rock wall.
Your transformation is almost over.
The orc wizard gestures at you while chanting.
The puff of flame hits you!
The orc wizard hits you but does no damage.
You're too confused to move!
You bump into the rock wall.
You feel less confused.
The orc priest calls down the wrath of Beogh upon you.
Beogh smites you!
Ouch! That really hurt!
You die...

#.#####.#####.......
#...................
.######.#####.#.#### # ...
#.#.....#.# #.#..
#.#.....#.#
#.#.####.#.#####.#
#.ooo............#
.#######o#################
........o@................
########.################.
#.# ##. ... #.. .#.## #.#
#.#.# #.. # #.# #.# #'#
#.. ... #.#


You could see an orc priest, an orc wizard and 2 orcs.

Vanquished Creatures
  An adder (D:2)
  A dart slug (D:1)
  3 ball pythons (D:2)
  4 bats (D:2)
  2 endoplasms (D:1)
  2 giant cockroaches
  2 hobgoblins
  2 jackals (D:1)
  3 frilled lizards
  2 goblins (D:2)
  2 rats
  A spectral kobold (D:2)
25 creatures vanquished.

Notes
Turn   | Place    | Note
-------+----------+-------------------------------------------
     0 | D:1      | Zeld the Octopode Transmuter began the quest for the Orb.
     0 | D:1      | Reached XP level 1. HP: 13/13 MP: 3/3
   481 | D:1      | Reached XP level 2. HP: 15/18 MP: 1/5
  1441 | D:2      | Found a faded altar of an unknown god.
  1449 | D:2      | Reached skill level 1 in Stealth
  1575 | D:2      | Reached XP level 3. HP: 23/23 MP: 6/6
  1578 | D:2      | Learned a level 2 spell: Wereblood
  1582 | D:2      | Learned a level 3 spell: Spider Form
  1922 | D:2      | Killed from afar by an orc priest

Illustrated notes

Levels and vault maps discovered:
D:1:      psy_arrival_radial01, layout_basic
D:2:      layout_basic, dreamdust_ecumenical_altar_drowned_temple, serial_glass,
          glass_columns_b, glass_columns_b

Skill      XL: |  1  2 |
---------------+-------+-----
Stealth        | 1 |  1.4
Fighting       | |  1.2
Dodging        | |  2.2
Unarmed Combat | |  3.1
Spellcasting   | |  2.4
Transmutations | |  2.5
Poison Magic   | |  0.1

Action                   || total
-------------------------++-------
Melee: Unarmed           ||    59
       Constrict         ||    15
       Tentacles         ||    10
       Kick              ||     8
 Cast: Beastly Appendage ||    22
 Stab: Sleeping          ||     7
Armor: Skin              ||     8
Dodge: Dodged            ||    38
